 Dungeon Crawl Stone Soup version 0.29.1-15-g9cfb28693d (webtiles) character file.

Game seed: 13691489998137842696

13 leafyfresh the Sneak (level 2, -7/21 HPs)
             Began as an Octopode Delver on Mar 5, 2023.
             Mangled by an ice beast (14 damage)
             ... on level 5 of the Dungeon.
             The game lasted 00:00:12 (213 turns).

leafyfresh the Sneak (Octopode Delver)               Turns: 213, Time: 00:00:12

Health: -7/21      AC:  1    Str: 11    XL:     2   Next: 37%
Magic:  2/2        EV: 13    Int: 12    God:
Gold:   9          SH:  0    Dex: 13    Spells: 1/1 levels left

rFire   . . .      SeeInvis .   a - +0 short sword
rCold   . . .      Faith    .   (no shield)
rNeg    . . .      Spirit   .   (helmet restricted)
rPois   .          Reflect  .   (no amulet)
rElec   .          Harm     .   (no ring)
rCorr   .          Rampage  .   (no ring)
Will    .....                   (no ring)
Stlth   ++++......              (no ring)
HPRegen 0.07/turn               (no ring)
MPRegen 0.08/turn               (no ring)
                                (no ring)
                                (no ring)

@: no status effects
A: almost no armour, amphibious, 8 rings, camouflage 1, gelatinous body 1,
(nimble swimmer 1), tentacles
a: no special abilities


You were on level 5 of the Dungeon.
You visited 1 branch of the dungeon, and saw 1 of its levels.

You collected 9 gold pieces.

Inventory:

Hand Weapons
 a - a +0 short sword (weapon)
Wands
 f - a wand of digging (3)
Scrolls
 b - a scroll of fog
 c - a scroll of magic mapping
 d - a scroll of fear
 g - a scroll of butterflies {unknown}
 h - a scroll of teleportation {unknown}
Potions
 e - 2 potions of haste
 i - a potion of might {unknown}


   Skills:
 + Level 3.2 Fighting
 - Level 2.0 Short Blades
 + Level 2.3 Dodging
 + Level 6.9 Stealth


You had one spell level left.
You didn't know any spells.
Your spell library was empty.

Dungeon Overview and Level Annotations

Branches:
Dungeon (5/15)
 Temple: D:4-7

Altars:


Innate Abilities, Weirdness & Mutations

You cannot wear most types of armour.
You are amphibious.
You can wear up to eight rings at the same time.
Your skin changes colour to match your surroundings (Stealth+).
Your rubbery body absorbs attacks. (AC +1, EV +1)
((You are camouflaged when in or above water. (Stealth+)))
You have tentacles for arms and can constrict up to eight enemies at once.


Message History

No target in view!
HP restored.
You now have 9 gold pieces.
Found a ring mail.
Found a stone staircase leading down.
No target in view!
An orc comes into view. It is wielding a +0 club.
An orc is nearby!
The helpless orc fails to defend itself.
You puncture the orc!
You kill the orc!
No target in view!
You see here a +0 ring mail.
There is a stone staircase leading down here.
h - a scroll labelled BIOPUJE USAIRO No target in view!
e - 2 potions of haste (gained 1) Key pressed, stopping explore.
No target in view!
i - a puce potion No target in view!
You open the large door.
There is a large open door here.
A gnoll comes into view. It is wielding a +0 spear.
The helpless gnoll fails to defend itself.
You puncture the gnoll!
You kill the gnoll!
You have reached level 2!
You see here a +0 spear.
An ice beast comes into view.
An ice beast is nearby!
You closely miss the ice beast. The ice beast hits you.
The ice beast freezes you!
An ice beast is nearby!
You are too injured to fight recklessly!
An ice beast is nearby!
Unknown command.
You hit the ice beast but do no damage. Your squeeze misses the ice beast.
The ice beast hits you. The ice beast freezes you!
Ouch! That really hurt!
You die...

#.#.......#.#..#
#...........#..#######
#.........##.........#
.........####''####..#
##.......#........#..#
.........#........#.##
##.##....#..##.#..###
##.##.####..#.♣...#
.........#...♣)#@.#
...#...###..#.##Y.#
.).......#........#
.........#........#
.........####++####
##.#.....# .........#
.......... ..........


You could see an ice beast.

Vanquished Creatures
  A gnoll (D:5)
  2 orcs (D:5)
3 creatures vanquished.

Notes
Turn   | Place    | Note
-------+----------+-------------------------------------------
     0 | D:5      | leafyfresh the Octopode Delver began the quest for the Orb.
     0 | D:5      | Reached XP level 1. HP: 16/16 MP: 1/1
   209 | D:5      | Reached XP level 2. HP: 21/21 MP: 2/2
   210 | D:5      | Noticed an ice beast
   213 | D:5      | Mangled by an ice beast

Illustrated notes

Levels and vault maps discovered:
D:5:      layout_basic, kennysheep_okawaru_gauntlet, kennysheep_generic_room_4

Action                   || total
-------------------------++-------
Melee: Short sword       ||     6
       Constrict         ||     1
       Tentacles         ||     1
 Stab: Sleeping          ||     2
